Map: Ultralove

Players

Coach - Winner!

  • Race: Terran Terran
  • League: Diamond
  • Spawn Location: 7:00

CullHorn

  • Race: Zerg Zerg
  • League: Diamond
  • Spawn Location: 1:00

VOD

Have the link to the VOD?

Description

Time

  • Played on: Dec. 19, 2024, 12:54 a.m.
  • Length: 26:05
Show
View Real Time Build Order
Export as new Build Order

Coach Terran - Winner!

Build Orders: 2 Factory, Reaper Expand, Mech 

Get SALT Encoding   

  12  0:00  SCV  
  13  0:12  SCV  
  14  0:20  Supply Depot  
  14  0:24  SCV  
  15  0:42  SCV  
  16  0:44  Barracks  
  16  0:48  Refinery  
  16  0:54  SCV  
  17  1:06  SCV  
  18  1:18  SCV  
  19  1:31  Reaper  
  20  1:34  Command Center  
  20  1:39  Orbital Command  
  20  1:46  Refinery  
  20  2:04  Marine  
  20  2:07  SCV  
  22  2:10  Factory  
  22  2:19  SCV  
  23  2:32  Barracks Reactor  
  23  2:34  Supply Depot  
  23  2:46  SCV  
  23  2:48  Orbital Command  
  24  2:58  SCV  
  24  3:10  SCV, Factory  
  25  3:13  Starport  
  25  3:19  SCV  
  26  3:22  SCV  
  26  3:26  Hellion  
  31  3:27  Hellion  
  31  3:31  SCV  
  31  3:32  Armory  
  32  3:34  SCV  
  32  3:41  Barracks Tech Lab  
  33  3:43  SCV  
  33  3:46  SCV  
  33  3:48  Hellion x2  
  39  3:55  SCV  
  40  4:02  SCV  
  41  4:07  SCV  
  42  4:14  SCV  
  43  4:19  SCV  
  43  4:21  Factory Tech Lab  
  43  4:22  Refinery  
  44  4:26  SCV  
  44  4:28  Command Center  
  45  4:31  SCV  
  45  4:38  SCV  
  45  4:43  SCV  
  45  4:50  Supply Depot  
  45  4:52  SCV, Supply Depot  
  46  5:07  Supply Depot  
  46  5:10  Engineering Bay  
  46  5:11  Thor  
  46  5:12  Medivac  
  46  5:13  Supply Depot  
  46  5:14  Medivac, SCV  
  57  5:16  Infernal Pre-Igniter  
  57  5:23  Thor  
  57  5:26  SCV  
  64  5:30  SCV  
  64  5:33  Refinery  
  65  5:40  Missile Turret  
  65  5:42  Missile Turret  
  65  5:51  Terran Vehicle Weapons Level 1  
  65  5:52  Armory  
  65  5:55  Thor, Hellion  
  67  6:03  Planetary Fortress  
  68  6:04  SCV x2  
  69  6:12  Missile Turret x2  
  69  6:18  Siege Tank  
  69  6:21  Refinery  
  69  6:24  SCV x2  
  69  6:25  Refinery  
  74  6:35  Sensor Tower  
  74  6:36  SCV x2  
  68  6:50  SCV  
  68  6:51  Siege Tank x2  
  68  6:53  Terran Vehicle And Ship Armor Level 1  
  67  7:07  SCV x3  
  70  7:15  Liberator  
  70  7:16  Liberator  
  70  7:19  SCV  
  70  7:20  SCV x2  
  70  7:21  Command Center  
  79  7:31  SCV  
  79  7:32  Missile Turret, SCV x2, Siege Tank  
  79  7:33  Siege Tank  
  79  7:36  Factory  
  88  7:40  Factory  
  89  7:44  SCV x3  
  89  7:46  Supply Depot  
  89  7:47  Supply Depot  
  91  7:56  Fusion Core, Missile Turret, SCV  
  92  8:05  Siege Tank  
  95  8:07  Liberator  
  98  8:19  SCV  
  100  8:20  SCV x2  
  100  8:25  Factory Reactor  
  100  8:26  Factory Tech Lab  
  101  8:32  SCV x2  
  103  8:37  Siege Tank  
  103  8:38  Siege Tank  
  109  8:42  Terran Vehicle Weapons Level 2  
  109  8:52  SCV  
  109  8:53  SCV  
  111  8:58  Missile Turret  
  111  9:00  Missile Turret  
  111  9:05  Hellion x2, Siege Tank  
  111  9:07  Missile Turret  
  118  9:19  Thor x2  
  118  9:23  SCV x2  
  132  9:36  Refinery x2  
  132  9:40  Planetary Fortress  
  132  9:42  Missile Turret  
  132  9:47  Terran Vehicle And Ship Armor Level 2  
  132  9:54  Missile Turret  
  132  9:59  Missile Turret, Hellion  
  131  10:00  Hellion  
  131  10:03  Sensor Tower, Missile Turret x2  
  111  10:15  Missile Turret  
  111  10:20  Advanced Ballistics  
  111  10:21  Hellion x2, Missile Turret  
  109  10:22  Siege Tank x3  
  109  10:24  Liberator  
  109  10:25  Missile Turret, Liberator  
  124  10:42  Hellion x2  
  128  11:10  Hellion x2  
  124  11:29  Hellion x2  
  124  11:30  Siege Tank  
  90  11:49  Hellion x2  
  90  11:51  Liberator x2  
  89  12:00  Command Center, Neosteel Armor  
  89  12:02  Thor x2  
  89  12:03  Thor  
  107  12:10  Command Center  
  107  12:12  Hellion x2  
  111  12:33  Starport  
  111  12:35  Factory  
  111  12:39  Terran Vehicle Weapons Level 3, Terran Vehicle And Ship Armor Level 3  
  111  12:41  Factory  
  111  12:45  Liberator x2  
  117  12:56  Supply Depot  
  117  12:58  Supply Depot  
  117  13:08  SCV x3  
  117  13:11  Thor x3  
  125  13:20  SCV  
  125  13:22  Supply Depot  
  125  13:24  Hellion x2, Supply Depot  
  113  13:40  Hi-Sec Auto Tracking  
  113  13:41  Sensor Tower  
  113  13:43  SCV x3  
  116  13:50  Factory Tech Lab  
  116  13:51  Starport Reactor  
  116  13:54  Siege Tank  
  116  13:55  Factory Tech Lab x2  
  119  14:02  Planetary Fortress  
  119  14:03  Hellion x2  
  119  14:08  Refinery  
  119  14:09  Refinery  
  123  14:12  Missile Turret  
  123  14:14  Missile Turret  
  123  14:22  Siege Tank x2  
  123  14:24  Siege Tank x2  
  135  14:26  Hellion x2  
  139  14:38  Sensor Tower  
  139  14:39  SCV x2  
  139  14:42  Liberator x2  
  147  14:52  Hellion x2  
  151  15:09  Thor x3  
  151  15:11  Hellion  
  166  15:16  Terran Ship Weapons Level 1  
  166  15:21  Hellion x2  
  134  15:23  Hellion x2  
  136  15:36  Starport Reactor  
  136  15:43  Supply Depot  
  136  15:59  Thor x2  
  136  16:00  Hellion x2  
  136  16:01  Thor x2  
  164  16:07  Ghost Academy  
  164  16:19  Refinery  
  164  16:23  Refinery  
  164  16:33  Liberator x3  
  173  16:46  Supply Depot  
  139  17:32  Siege Tank x4  
  139  17:33  Planetary Fortress, Hellion, Siege Tank  
  139  17:36  Hellion  
  158  17:38  Command Center  
  158  17:42  Sensor Tower  
  158  17:43  Terran Ship Weapons Level 2  
  158  18:00  SCV x3  
  158  18:08  Hellion x2  
  153  18:23  SCV x4  
  153  18:26  Hellion x2  
  161  18:35  SCV x3  
  164  18:56  Planetary Fortress  
  164  18:59  SCV x2  
  164  19:00  Sensor Tower, SCV x2  
  168  19:07  Sensor Tower  
  168  19:10  Liberator x2  
  168  19:11  Liberator  
  168  19:14  Hellion  
  179  19:27  Liberator  
  178  19:44  Missile Turret x2  
  178  19:46  Missile Turret, SCV  
  179  19:59  Supply Depot  
  179  20:10  SCV x2  
  179  20:11  Hellion  
  179  20:12  Thor  
  171  20:22  Supply Depot  
  171  20:27  SCV  
  171  20:28  SCV x3  
  173  20:29  SCV  
  176  20:39  SCV  
  177  20:46  Hellion  
  177  20:47  Hellion  
  181  21:01  Sensor Tower  
  181  21:09  Missile Turret  
  181  21:11  Missile Turret  
  162  21:18  Command Center  
  162  21:27  Thor x2  
  162  21:29  Hellion x3  
  180  21:51  Smart Servos  
  180  22:01  Hellion  
  180  22:03  Hellion x2  
  180  22:04  Hellion  
  180  22:18  Sensor Tower  
  180  22:21  Sensor Tower  
  180  22:30  Hellion x4  
  180  22:33  Planetary Fortress  
  188  22:39  Missile Turret  
  188  22:41  Missile Turret  
  188  23:02  Missile Turret  
  188  23:09  Command Center  
  188  23:11  Command Center  
  143  24:23  Thor x2  
  143  24:24  Thor x3  
  161  24:25  Hellion x2  
  158  25:11  Siege Tank x4  
  158  25:12  Liberator x2, Siege Tank  
  158  25:13  Liberator  
Show
View Real Time Build Order
Export as new Build Order

CullHorn Zerg 

Build Orders: Hatch First 

Get SALT Encoding   

  12  0:00  Drone  
  13  0:13  Overlord  
  13  0:18  Drone  
  14  0:31  Drone x2  
  14  0:35  Drone  
  17  0:51  Hatchery  
  17  0:54  Drone  
  17  0:58  Drone  
  18  1:08  Extractor  
  17  1:14  Spawning Pool  
  17  1:16  Drone  
  17  1:20  Drone  
  18  1:28  Drone  
  19  1:41  Drone  
  20  1:50  Drone  
  21  2:02  Drone  
  21  2:03  Queen  
  21  2:04  Queen  
  21  2:06  Zergling x2  
  27  2:21  Drone, Hatchery  
  27  2:25  Drone  
  28  2:40  Overlord  
  28  2:41  Overlord  
  28  2:43  Metabolic Boost  
  27  2:56  Drone x2  
  28  3:00  Drone x4  
  32  3:10  Queen  
  34  3:21  Drone x3  
  34  3:22  Drone  
  34  3:23  Drone  
  39  3:27  Overlord  
  39  3:32  Drone  
  39  3:33  Drone  
  41  3:38  Drone x2  
  43  3:44  Zergling x6  
  46  3:54  Zergling x8  
  46  3:55  Zergling x4  
  51  4:02  Queen  
  53  4:05  Queen  
  55  4:15  Drone x3  
  58  4:22  Overlord x3  
  56  4:41  Drone  
  56  4:42  Drone x10  
  67  4:48  Overlord  
  67  4:49  Overlord  
  67  4:51  Overlord  
  67  4:57  Drone x5  
  67  4:58  Drone  
  73  5:05  Roach Warren  
  72  5:18  Drone x2  
  72  5:19  Drone x6  
  80  5:22  Extractor  
  80  5:23  Extractor  
  80  5:24  Extractor  
  80  5:25  Extractor  
  80  5:27  Extractor  
  75  5:41  Hatchery, Lair  
  74  5:43  Drone x7  
  74  5:44  Drone, Hatchery  
  81  5:56  Spine Crawler, Spore Crawler  
  79  6:03  Overlord  
  79  6:04  Overlord x3  
  79  6:14  Roach x9  
  79  6:15  Overlord  
  97  6:19  Overlord  
  95  6:40  Zergling x2  
  95  6:41  Zergling x24  
  108  6:52  Zergling x4  
  110  7:04  Drone x7  
  110  7:05  Drone  
  110  7:08  Drone x2  
  120  7:14  Drone x2  
  122  7:16  Glial Reconstitution  
  122  7:19  Evolution Chamber  
  122  7:22  Evolution Chamber  
  120  7:23  Drone x3  
  120  7:25  Drone  
  120  7:26  Overseer  
  124  7:31  Drone x4  
  124  7:32  Baneling Nest  
  127  7:46  Zerg Missile Weapons Level 1  
  127  7:47  Zerg Melee Weapons Level 1  
  127  7:48  Zergling x8  
  127  7:49  Zergling x16  
  127  7:51  Overlord x2  
  139  7:58  Zergling x2  
  139  7:59  Zergling x4  
  142  8:06  Hatchery  
  142  8:11  Zergling x20  
  151  8:16  Centrifugal Hooks  
  151  8:17  Zergling x6  
  154  8:22  Ravager  
  154  8:23  Ravager x3  
  158  8:34  Overlord x10  
  158  8:41  Hydralisk Den  
  157  8:47  Infestation Pit  
  156  8:53  Zergling x22  
  167  9:00  Zergling x4  
  169  9:03  Zergling x2  
  169  9:04  Zergling x8  
  174  9:21  Zergling x2, Overlord x4  
  174  9:22  Overlord  
  174  9:23  Baneling  
  174  9:24  Baneling x16  
  175  9:25  Roach  
  175  9:26  Roach x5  
  187  9:34  Zergling x2  
  187  9:35  Zergling x16, Spire  
  195  9:52  Zergling x2  
  196  9:53  Zergling x6  
  147  10:07  Zergling x10  
  147  10:08  Zergling x22  
  147  10:13  Zergling x8  
  134  10:20  Zergling x8  
  131  10:22  Hydralisk  
  133  10:29  Zergling x2  
  133  10:30  Zergling x10  
  133  10:31  Hydralisk x3  
  133  10:33  Hydralisk x2  
  133  10:35  Zerg Missile Weapons Level 2, Hatchery  
  148  10:36  Zerg Melee Weapons Level 2  
  148  10:37  Grooved Spines  
  148  10:38  Zergling x2  
  148  10:40  Hatchery  
  148  10:49  Zergling x10  
  153  10:50  Baneling  
  153  10:51  Hydralisk, Baneling x16  
  155  11:01  Hydralisk x13  
  180  11:08  Hydralisk x2  
  180  11:19  Zergling x10  
  185  11:28  Muscular Augments  
  153  11:40  Zergling x12  
  153  11:41  Zergling x18  
  153  11:43  Hydralisk x3  
  173  11:48  Zergling x2  
  173  11:53  Zergling x10  
  175  12:09  Zergling x20  
  175  12:10  Zergling x4  
  179  12:23  Roach x8  
  179  12:28  Zergling x2  
  179  12:29  Zergling x16  
  200  12:34  Baneling x10  
  200  12:35  Baneling x8  
  200  12:36  Baneling  
  200  12:39  Extractor  
  200  12:40  Zergling x2, Overlord x2  
  200  12:41  Extractor, Overlord x2  
  199  12:51  Drone  
  159  13:15  Zergling x16  
  159  13:16  Zergling x22  
  159  13:24  Zergling x18  
  159  13:25  Zergling x6  
  157  13:29  Zergling x2  
  157  13:30  Zergling x4  
  160  13:39  Zergling x12  
  166  13:44  Drone x4  
  170  13:56  Zerg Flyer Armor Level 1  
  170  14:00  Hive  
  170  14:06  Burrow  
  170  14:21  Hydralisk x7  
  170  14:22  Hydralisk x8  
  198  14:35  Baneling x9  
  198  14:36  Baneling x14  
  198  14:42  Zerg Ground Armor Level 1  
  179  15:19  Zergling x2  
  179  15:20  Zergling x52  
  179  15:21  Zergling x22  
  158  15:26  Zergling x4  
  126  15:29  Hydralisk  
  126  15:33  Zergling x10  
  133  15:36  Hydralisk x2  
  137  15:44  Zergling x8  
  137  15:45  Zergling x4  
  137  15:48  Zerg Melee Weapons Level 3  
  143  15:50  Hydralisk x4  
  143  15:52  Zerg Flyer Armor Level 2  
  143  15:53  Hydralisk x6  
  143  15:56  Zergling x4  
  165  16:01  Pneumatized Carapace  
  165  16:02  Hydralisk x7  
  179  16:05  Baneling x7  
  179  16:06  Baneling x15  
  179  16:12  Hydralisk x4  
  179  16:13  Hydralisk x2  
  191  16:20  Extractor  
  191  16:21  Extractor  
  191  16:22  Hydralisk  
  191  16:23  Hydralisk x4  
  199  16:28  Baneling  
  199  16:29  Baneling x14  
  199  16:34  Spine Crawler  
  199  16:35  Spine Crawler  
  199  16:39  Zergling x2  
  200  16:40  Zergling x4  
  200  16:44  Spine Crawler  
  200  16:46  Spine Crawler  
  200  16:47  Spine Crawler  
  132  17:07  Zergling x6  
  132  17:08  Zergling x42  
  125  17:09  Zergling x2  
  125  17:12  Roach  
  114  17:16  Drone  
  114  17:17  Drone x4  
  119  17:29  Roach x3  
  133  17:30  Roach x4  
  133  17:43  Drone x12  
  145  17:50  Roach  
  145  17:51  Roach x4  
  114  18:20  Swarm Host  
  114  18:21  Swarm Host x11  
  114  18:22  Hydralisk  
  152  18:37  Extractor  
  152  18:38  Hydralisk x6  
  152  18:39  Extractor x2  
  152  18:41  Extractor  
  160  18:43  Zerg Missile Weapons Level 3  
  160  18:56  Hydralisk x5  
  160  18:57  Hydralisk  
  172  19:08  Hydralisk  
  172  19:09  Hydralisk x5  
  184  19:28  Hydralisk x7  
  198  19:44  Overlord  
  189  20:18  Hydralisk x5  
  189  20:19  Hydralisk x10  
  198  21:03  Hatchery  
  162  21:15  Hydralisk x18  
  162  21:16  Hydralisk x8  
  198  21:35  Greater Spire  
  198  21:37  Hydralisk  
  190  22:06  Hydralisk  
  190  22:07  Hydralisk x19  
  200  22:47  Hatchery  
  199  23:04  Extractor  
  198  23:06  Extractor  
  198  23:10  Zerg Flyer Armor Level 3  
  197  23:14  Lurker Den  
  194  23:37  Hydralisk x10  
  194  23:38  Hydralisk x4  
  194  23:39  Hydralisk x4  
  185  23:49  Neural Parasite  
  166  24:17  Hydralisk x9  
  166  24:18  Hydralisk x8  
  167  24:38  Hydralisk  
  167  24:39  Hydralisk x10  
  156  24:49  Lurker x6  
  151  24:56  Lurker  
  151  24:57  Lurker x2  
  148  25:03  Mutalisk x3  
Tags
 
Add a new tag
Caveats
  • Supply blocks, unpowered buildings, or Contaminate may cause inaccurate times.
  • Supply counts are checked every 10 seconds.